AoeStats
← [LCDR] Alone

Arena

510632406Analyzed
4v4 RM · 14h ago on Oct 1, 2026· 41m 38s· 8 players
Game mode
Random Map
Map size
Large (8 player)
Population
200
Speed
Normal
Resources
Standard
Victory
Conquest
Starting age
Dark Age
Ending age
Imperial Age
RankedLock teamsTeams togetherTeam positionsShared explorationLock speedFull tech treeHidden civsTurbo modeCheats
Victory
Defeat
🇵🇱 Khmer · Poland
1653
+13
🇫🇷 Britons · France
1567
+17
🇬🇧 Danes · United Kingdom
1520
+19
🇳🇱 Varangians · Netherlands
1408
+22
🇧🇷 Bohemians · Brazil
1681
-22
🇧🇷 Celts · Brazil
1640
-20
🇧🇷 Malay · Brazil
1539
-16
🇧🇷 Persians · Brazil
1449
-13
Narwhals4Eva
3:52 Loom
11:14 Feudal Age
12:00 Double-Bit Axe
14:54 Castle Age
12:59 Gold Mining
14:14 Horse Collar
23:03 Bow Saw
22:54 Heavy Plow
24:50 Wheelbarrow
28:21 Hand Cart
33:11 Imperial Age
30:59 Scale Mail Armor
31:09 Forging
31:35 Loom
32:15 Chain Mail Armor
32:05 Squires
31:52 Gambesons
34:33 Iron Casting
34:34 Plate Mail Armor
33:34 Elite Varangian Guard
34:30 Town Watch
36:21 Blast Furnace
34:56 Pikeman
35:48 Halberdier
36:50 Fletching
38:46 Conscription
37:56 Hamask
39:21 Stone Mining
40:06 Gold Shaft Mining
39:35 Hamask
JagWarrior
10:43 Feudal Age
12:05 Double-Bit Axe
14:47 Castle Age
13:08 Horse Collar
14:15 Gold Mining
17:37 Fletching
18:32 Bow Saw
21:24 Wheelbarrow
21:24 Crossbowman
24:24 Bodkin Arrow
24:41 Town Watch
25:12 Loom
26:26 Hand Cart
30:29 Imperial Age
28:13 Fortified Wall
28:26 Ballistics
28:11 Stone Mining
28:34 Padded Archer Armor
30:43 Treadmill Crane
31:13 Masonry
31:23 Bracer
32:47 Chemistry
31:44 Elite Longbowman
32:45 Murder Holes
34:04 Scale Mail Armor
34:43 Squires
34:10 Pikeman
42:07 Yeomen
wosm
11:23 Feudal Age
14:04 Castle Age
12:19 Double-Bit Axe
12:15 Horse Collar
16:16 Bow Saw
23:03 Heavy Plow
25:19 Wheelbarrow
24:36 Gold Mining
25:46 Loom
26:34 Hand Cart
29:42 Imperial Age
28:20 Bloodlines
28:10 Husbandry
29:03 Scale Barding Armor
29:09 Forging
31:08 Chain Barding Armor
33:00 Plate Barding Armor
33:02 Tusk Swords
34:25 Iron Casting
33:25 Elite Battle Elephant
36:05 Blast Furnace
37:10 Crop Rotation
37:45 Conscription
40:14 Coinage
D3AGLEZ
10:06 Feudal Age
14:31 Castle Age
12:55 Double-Bit Axe
14:03 Horse Collar
14:45 Light Cavalry
17:56 Bow Saw
19:01 Heavy Plow
23:35 Wheelbarrow
22:45 Town Watch
22:46 Loom
24:15 Bloodlines
25:16 Gold Mining
26:46 Hand Cart
30:18 Imperial Age
28:00 Husbandry
30:10 Scale Barding Armor
30:16 Forging
32:24 Onager
32:53 Pikeman
33:34 Squires
33:19 Arson
33:42 Scale Mail Armor
34:18 Iron Casting
33:33 Halberdier
35:14 Chain Mail Armor
37:02 Blast Furnace
36:41 Heavy Plow
36:30 Cavalier
39:50 Chemistry
39:16 Siege Engineers
38:43 Capped Ram
38:58 Vendel Legacy
41:07 Plate Mail Armor
40:57 Chain Barding Armor
40:21 Elite Varangian Guard
41:52 Conscription
41:03 Siege Ram
[LCDR] Alone
10:23 Feudal Age
14:04 Castle Age
12:15 Double-Bit Axe
13:28 Horse Collar
15:09 Bow Saw
25:52 Imperial Age
23:42 Gold Mining
24:15 Scale Mail Armor
24:04 Loom
24:57 Wheelbarrow
25:40 Chain Mail Armor
25:55 Forging
25:53 Capped Ram
27:07 Plate Mail Armor
27:07 Siege Ram
28:47 Iron Casting
29:14 Conscription
31:21 Blast Furnace
30:40 Heavy Scorpion
32:53 Furor Celtica
37:35 Chemistry
36:56 Ballistics
37:16 Pikeman
37:51 Halberdier
[LCDR] ScOrPiOn II
10:39 Feudal Age
14:47 Castle Age
13:36 Double-Bit Axe
13:33 Horse Collar
13:45 Loom
19:49 Wheelbarrow
24:29 Heavy Plow
28:26 Imperial Age
30:06 Forging
31:09 Bow Saw
32:04 Crop Rotation
31:52 Bloodlines
31:53 Gold Mining
33:22 Two-Man Saw
32:26 Husbandry
31:51 Cavalier
32:43 Scale Barding Armor
34:37 Chain Barding Armor
35:34 Hand Cart
37:23 Plate Barding Armor
38:01 Iron Casting
38:47 Fletching
39:05 Elite War Elephant
[LCDR] Chorobura
9:59 Feudal Age
14:11 Castle Age
13:46 Loom
14:49 Double-Bit Axe
18:40 Horse Collar
SSX_Flexa
13:03 Feudal Age
13:19 Loom
14:22 Wheelbarrow
13:52 Double-Bit Axe
13:52 Horse Collar
17:02 Castle Age
22:00 Bow Saw
22:34 Heavy Plow
25:25 Hand Cart
28:37 Imperial Age
26:21 Scale Barding Armor
27:23 Husbandry
27:35 Forging
27:34 Elite Battle Elephant
29:00 Iron Casting
29:03 Gold Mining
32:43 Blast Furnace
32:49 Crop Rotation
32:28 Town Watch
34:15 Gold Shaft Mining
Connection lost

Rejoining the realm…

Still unreachable

The connection could not be restored.

Session expired

The server has moved on; the page needs a fresh start.